 Dungeon Crawl Stone Soup version 0.28.0-53-g5a82cb258f (webtiles) character file.

Game seed: 13394126658411540759

21520 Labrat the Destroyer (level 12, 0/101 HPs)
             Began as a Demigod Conjurer on June 29, 2022.
             Slain by a seven-headed hydra (7 damage)
             ... on level 3 of the Lair of Beasts on July 2, 2022.
             The game lasted 00:46:24 (15472 turns).

Labrat the Destroyer (Demigod Conjurer)            Turns: 15472, Time: 00:46:27

Health: 0/101      AC: 10    Str:  8    XL:     12   Next: 24%
Magic:  7/32       EV: 10    Int: 36    God:
Gold:   561        SH:  0    Dex: 15    Spells: 23/35 levels left

rFire   . . .      SeeInvis .   N - +4 falchion (freeze)
rCold   . . .      Faith    .   (no shield)
rNeg    . . .      Spirit   .   K - +1 ring mail "Eckyh" {Regen+ Dex+3}
rPois   +          Reflect  .   C - +0 helmet
rElec   .          Harm     .   R - +0 cloak
rCorr   .          Rampage  .   (no gloves)
Will    +....                   s - +0 pair of boots
Stlth   +.........              O - amulet of magic regeneration
HPRegen 1.06/turn               J - ring of poison resistance
MPRegen 0.63/turn               M - ring of wizardry

@: no status effects
A: high MP 1, forlorn, divine attributes
a: no special abilities


You were on level 3 of the Lair of Beasts.
You visited 3 branches of the dungeon, and saw 15 of its levels.

You collected 561 gold pieces.

Inventory:

Hand Weapons
 N - a +4 falchion of freezing (weapon)
Missiles
 j - a throwing net
 m - 20 poisoned darts
 z - 8 curare-tipped darts
 B - 2 boomerangs of dispersal
Armour
 s - a +0 pair of boots (worn)
 C - a +0 helmet (worn)
 K - the +1 ring mail "Eckyh" (worn) {Regen+ Dex+3}
   (You found it on level 6 of the Dungeon)

   Dex:       It affects your dexterity (+3).
   Regen:     It increases your rate of health regeneration.
 R - a +0 cloak (worn)
Jewellery
 g - a ring of ice
 n - a ring of magical power
 I - a +4 ring of slaying
 J - a ring of poison resistance (left hand)
 M - a ring of wizardry (right hand)
 O - an amulet of magic regeneration (around neck)
 S - a +6 ring of dexterity
 T - a +6 ring of dexterity
Wands
 l - a wand of mindburst (14)
 w - a wand of charming (12)
 y - a wand of iceblast (9)
 L - a wand of flame (3)
 P - a wand of digging (7)
Scrolls
 b - 3 scrolls of vulnerability
 c - 3 scrolls of magic mapping
 h - 4 scrolls of teleportation
 i - 2 scrolls of enchant armour {unknown}
 o - 2 scrolls of noise {unknown}
 q - 3 scrolls of fog
 t - 3 scrolls of amnesia {unknown}
 v - 3 scrolls of brand weapon
 A - 4 scrolls of immolation
 D - 3 scrolls of fear
 E - a scroll of holy word {unknown}
 G - 3 scrolls of blinking {unknown}
 H - 2 scrolls of silence {unknown}
 Q - a scroll of enchant weapon {unknown}
Potions
 a - 2 potions of magic {unknown}
 d - 3 potions of mutation {unknown}
 e - 3 potions of lignification {unknown}
 f - 2 potions of flight {unknown}
 k - 3 potions of might {unknown}
 p - 4 potions of degeneration {unknown}
 r - 2 potions of heal wounds {unknown}
 u - a potion of cancellation {unknown}
 x - 2 potions of haste {unknown}
 F - 3 potions of curing {unknown}
Miscellaneous
 U - a condenser vane


   Skills:
 - Level 8.0 Fighting
 - Level 3.0 Armour
 - Level 1.7 Dodging
 - Level 1.7 Stealth
 - Level 12.0 Spellcasting
 - Level 12.0 Conjurations
 + Level 2.0 Earth Magic
 + Level 2.3 Evocations


You had 23 spell levels left.
You knew the following spells:

 Your Spells              Type           Power      Damage    Failure   Level
a - Magic Dart            Conj           100%       1d8       1%          1
b - Searing Ray           Conj           100%       2d8       1%          2
c - Iskenderun's Mystic   Conj/Tloc      59%        2d12      1%          4
d - Lee's Rapid Deconstr  Erth           18%        3d12*     26%         5

Your spell library contained the following spells:

 Spells                   Type           Power      Damage    Failure   Level
 Dazzling Flash           Conj/Hex       100%       N/A       1%          3
 Flame Wave               Conj/Fire      59%        2d11      1%          4
 Fulminant Prism          Conj/Hex       29%        3d14      1%          4
 Summon Small Mammal      Summ           84%        N/A       2%          1
 Scorch                   Fire           42%        2d7       3%          2
 Call Canine Familiar     Summ           21%        N/A       6%          3
 Gell's Gravitas          Tloc           21%        N/A       6%          3
 Summon Guardian Golem    Hex/Summ       21%        N/A       6%          3
 Teleport Other           Tloc           21%        N/A       6%          3
 Leda's Liquefaction      Hex/Erth       14%        N/A       14%         4
 Conjure Ball Lightning   Conj/Air       29%        3x3d8     26%         6
 Statue Form              Tmut/Erth      18%        N/A       89%         6
 Dispersal                Tloc           10%        N/A       96%         6
 Summon Cactus Giant      Summ           10%        N/A       96%         6
 Discord                  Hex            10%        N/A       100%        8
 Disjunction              Tloc           10%        N/A       100%        8


Dungeon Overview and Level Annotations

Branches:
Dungeon (10/15)            Temple (1/1) D:6            Lair (4/6) D:8
 Shoals (0/4) Lair:2       Spider (0/4) Lair:3
    Orc: D:9-12

Shops:
D:3 (

Annotations:
D:7 book in fire
D:10 Erica
Lair:1 exclusion: orange crystal statue


Innate Abilities, Weirdness & Mutations

You have an increased reservoir of magic. (+10% MP)
You shall have no god before yourself.
Your divine heritage dramatically boosts your attributes as you level up.


Message History

Confirm with . or Enter, or press ? or * to list all spells.
You don't have enough magic to cast this spell.
You climb upwards.
There is a stone staircase leading down here.
The seven-headed hydra bites you!
The seven-headed hydra bites you but does no damage.
The seven-headed hydra bites you! The seven-headed hydra bites you.
The seven-headed hydra barely misses you. x2
The seven-headed hydra bites you.
Casting: Iskenderun's Mystic Blast (mildly dangerous; 1% risk of failure)
Confirm with . or Enter, or press ? or * to list all spells.
You erupt in a blast of force!
The mystic blast hits the bush!
The bush is lightly damaged.
The mystic blast hits the bush but does no damage.
The mystic blast hits the bush!
The bush is lightly damaged.
The mystic blast hits the bush!
The bush is lightly damaged.
The mystic blast hits the bush!
The bush is lightly damaged.
The mystic blast hits the seven-headed hydra!
The seven-headed hydra is severely wounded.
The seven-headed hydra is knocked back by the mystic blast.
The seven-headed hydra closely misses you.
The seven-headed hydra bites you.
The seven-headed hydra barely misses you.
The seven-headed hydra bites you!
The seven-headed hydra closely misses you.
The seven-headed hydra bites you!
* * * LOW HITPOINT WARNING * * *
The seven-headed hydra bites you!
* * * LOW HITPOINT WARNING * * *
The seven-headed hydra barely misses you.
The seven-headed hydra bites you!
* * * LOW HITPOINT WARNING * * *
The seven-headed hydra bites you but does no damage. x2
The seven-headed hydra bites you.
* * * LOW HITPOINT WARNING * * *
The seven-headed hydra misses you. The seven-headed hydra bites you!
You die... # #PPP.PPPPPPP....P#

## ##P.........P....##
.###.PP.PP.PPP.P.....#
..P..P...P.P...P.....#
.....P...P.PPP.P....P#
(....P.P...P.P.P.....#
.....P)P.PPP.P.P....##
.....P.........P.....#
.....P.P.P.PPP.P@...##
.......P.P.P.P.PD...##
.....P.P.P.P.PPP.....#
.>...P.P.P...........#
.....PPP.PPPPPPP....##
...................##
......♣♣...........#
........8[.>......##
......#♣..........#


You could see a seven-headed hydra.

Vanquished Creatures
  3 hydras
  Sonja (Lair:3)
  A merfolk siren (Lair:2)
  8 cane toads
  A black mamba (Lair:4)
  5 komodo dragons
  A polar bear (Lair:4)
  A hornet (D:8)
  The ghost of Martska the Ducker, an amateur HuWr of the Shining One (D:6)
  A meliai (Lair:3)
  5 blink frogs (Lair:2)
  Sigmund (D:3)
  27 yaks
  A wraith (D:9)
  6 wyverns
  4 basilisks
  A steam dragon (D:8)
  Edmund (D:4)
  8 water moccasins
  Pargi (D:3)
  An ice beast (D:6)
  2 hornet zombies
  A swamp drake (D:8)
  3 black bears
  3 orc warriors (D:9)
  2 necrophages
  A sky beast (D:7)
  An ogre (D:5)
  4 centaurs
  14 wolves
  A kobold brigand (D:9)
  2 phantoms (D:4)
  12 bullfrogs
  A scorpion (D:5)
  5 water moccasin skeletons
  12 killer bees
  3 howler monkeys (D:7)
  6 wights
  2 electric eels
  A crimson imp (D:4)
  5 lava snakes
  4 bullfrog zombies (D:6)
  A hound (D:6)
  3 centaur zombies
  A jelly (D:5)
  A centaur skeleton (D:6)
  2 gnoll shamans
  3 orc priests
  4 bullfrog skeletons
  An iguana (D:4)
  8 orc wizards
  A killer bee zombie (D:6)
  A hound skeleton (D:5)
  A howler monkey zombie (D:6)
  Robin (D:3)
  11 gnolls
  11 adders
  2 white imps
  3 ufetubi
  An adder skeleton (D:4)
  2 worms
  2 dart slugs
  17 orcs
  5 endoplasms
  8 giant cockroaches
  12 goblins
  11 hobgoblins
  8 jackals
  5 quokkas
  6 ball pythons
  4 bats
  3 frilled lizards
  7 kobolds
  3 rats
313 creatures vanquished.

Vanquished Creatures (others)
  4 bushes (Lair:3)
  4 fungi
  5 plants
13 creatures vanquished.

Grand Total: 326 creatures vanquished

Notes
Turn   | Place    | Note
-------+----------+-------------------------------------------
     0 | D:1      | Labrat the Demigod Conjurer began the quest for the Orb.
     0 | D:1      | Reached XP level 1. HP: 14/14 MP: 5/5
   333 | D:1      | Reached XP level 2. HP: 20/20 MP: 2/7
   708 | D:1      | Learned a level 2 spell: Searing Ray
   853 | D:1      | Reached XP level 3. HP: 26/26 MP: 4/9
  1886 | D:2      | Reached XP level 4. HP: 33/33 MP: 8/11
  2637 | D:3      | Noticed Pargi
  2763 | D:3      | Found Laocvi's Antique Weapon Shoppe.
  2801 | D:3      | Noticed Robin
  2819 | D:3      | Killed Robin
  2889 | D:3      | Reached XP level 5. HP: 38/38 MP: 10/13
  2904 | D:3      | Noticed Sigmund
  3021 | D:3      | Reached skill level 5 in Conjurations
  3665 | D:4      | Noticed Edmund
  3915 | D:4      | Reached XP level 6. HP: 43/45 MP: 5/16
  4037 | D:4      | Reached skill level 5 in Spellcasting
  4037 | D:4      | Reached skill level 1 in Fighting
  4173 | D:4      | Killed Edmund
  4563 | D:5      | Entered Level 5 of the Dungeon
  4581 | D:5      | Reached XP level 7. HP: 57/58 MP: 10/17
  4755 | D:5      | Reached skill level 5 in Fighting
  5507 | D:5      | Reached XP level 8. HP: 36/68 MP: 12/20
  6075 | D:3      | Killed Sigmund
  6106 | D:3      | Killed Pargi
  6454 | D:6      | Found a staircase to the Ecumenical Temple.
  6486 | Temple   | Entered the Ecumenical Temple
  6928 | D:6      | Found a runed translucent door.
  6929 | D:6      | Noticed Martska's ghost (amateur HuWr)
  7166 | D:6      | Noticed a +0 hand axe
  7166 | D:6      | Noticed a +0 dagger
  7241 | D:6      | Noticed an angel
  7390 | D:6      | Reached XP level 9. HP: 61/74 MP: 11/23
  7607 | D:6      | Identified the +1 ring mail "Eckyh" {Regen+ Dex+3}
  8179 | D:6      | Killed Martska's ghost
  8403 | D:7      | Learned a level 4 spell: Iskenderun's Mystic Blast
  8422 | D:7      | Reached skill level 1 in Armour
  9372 | D:8      | Paralysed by a hornet for 3 turns
 10045 | D:8      | Reached XP level 10. HP: 42/81 MP: 18/27
 10739 | D:8      | Reached skill level 10 in Conjurations
 10975 | D:8      | Found a staircase to the Lair.
 11210 | D:8      | Reached skill level 10 in Spellcasting
 12040 | D:10     | Entered Level 10 of the Dungeon
 12054 | D:10     | Noticed Erica
 12181 | Lair:1   | Entered Level 1 of the Lair of Beasts
 12194 | Lair:1   | Reached XP level 11. HP: 67/86 MP: 22/29
 12598 | Lair:1   | Noticed an orange crystal statue
 13252 | Lair:2   | Noticed an eight-headed hydra
 13262 | Lair:2   | Killed an eight-headed hydra
 13540 | Lair:2   | Noticed a five-headed hydra
 13550 | Lair:2   | Killed a five-headed hydra
 14062 | Lair:2   | Found a staircase to the Shoals.
 14188 | Lair:3   | Noticed Sonja
 14200 | Lair:3   | Killed Sonja
 14275 | Lair:3   | Found the +15 Maxwell's patent armour {-Cast -Tele rElec
                  | Will+ rCorr}
 14393 | Lair:3   | Noticed an eight-headed hydra
 14415 | Lair:3   | Identified the +3 hunting sling of Instant Death {vorpal,
                  | rF- rN+++ Int-3 Stlth+}
 14490 | Lair:3   | Reached XP level 12. HP: 47/97 MP: 16/32
 14498 | Lair:3   | Killed an eight-headed hydra
 14941 | Lair:3   | Found a hole to the Spider Nest.
 15019 | Lair:3   | Learned a level 5 spell: Lee's Rapid Deconstruction
 15036 | Lair:3   | Reached skill level 1 in Evocations
 15422 | Lair:4   | Reached skill level 1 in Earth Magic
 15452 | Lair:4   | Noticed a seven-headed hydra
 15472 | Lair:3   | Slain by a seven-headed hydra

Illustrated notes

Levels and vault maps discovered:
D:1:      nzn_arrival_depleted_hourglass, layout_basic,
          hellmonk_ecumenical_altar_arch_garden
D:2:      layout_loops_ring, minmay_tetromino_t2
D:3:      layout_basic, old_standard_altar, mainiacjoe_overflow_alcove_2,
          serial_shops, nicolae_diamond_shop, uniq_robin, uniq_sigmund,
          uniq_pargi
D:4:      layout_basic, minmay_fire_ice_demons, uniq_edmund
D:5:      layout_loops_ring, lemuel_tele_altar
D:6:      layout_cave_pods, dancing_weapons_uskayaw, old_standard_altar,
          zin_angel, minmay_temple_entry_wispy, serial_undead, serial_undead_d,
          serial_undead_b, serial_undead_a, serial_undead_c, serial_undead_c,
          ebering_ghost_sewer_d, minmay_misc_feat_plants, chequers_arboretum
D:7:      layout_cave_pools, kiku_gazebo_pond_becter, fiery_altar_vehumet,
          kennysheep_cross_room
D:8:      layout_loops_ring, slow_altar_1, chequers_temple_overflow_minitemple,
          erik_lair_dragon, minmay_strange_pillars, minivault_23
D:9:      layout_big_octagon
D:10:     layout_cave_pods, dk_yredelemnul_ordeal, uniq_fannar, uniq_erica
Temple:   compressed_dpeg_triangle_lava_temple
Lair:1:   layout_regular_city, disabler_island, serial_bayou_shore_a,
          infiniplex_staircase_pool_2
Lair:2:   layout_gridlike, minmay_shoals_entry_lonely_mermaid
Lair:3:   layout_cave_pods, hellmonk_spider_entry_not_the_bees,
          minmay_hedge_maze, dreamdust_deal_with_the_devil, lemuel_fruit_tree,
          serial_bayou_shore_b, uniq_sonja
Lair:4:   layout_hall_layers

Skill      XL: |  1  2  3  4  5  6  7  8  9 10 11 12 |
---------------+-------------------------------------+-----
Spellcasting   | 2 3 4 5 7 8 10 12 | 12.0
Conjurations   | 4 5 7 8 10 12 | 12.0
Fighting       | 3 5 6 8 |  8.0
Armour         | 3 |  3.0
Evocations     | 2 |  2.3
Earth Magic    | 2 |  2.0
Dodging        | |  1.7
Stealth        | |  1.7

Action                   |  1- 3 |  4- 6 |  7- 9 | 10-12 || total
-------------------------+-------+-------+-------+-------++-------
Melee: Unarmed           |     3 |     7 |       |       ||    10
       Flail             |       |       |    37 |       ||    37
       Falchion          |       |       |    18 |   103 ||   121
       Punch             |       |       |     2 |     1 ||     3
Throw: Dart              |       |     5 |     1 |       ||     6
 Cast: Magic Dart        |    76 |   106 |   126 |   117 ||   425
       Searing Ray       |     3 |    11 |    60 |    80 ||   154
       Iskenderun's Myst |       |       |     1 |    80 ||    81
Evoke: Wand              |       |       |       |     4 ||     4
  Use: Scroll            |       |       |       |     9 ||     9
Armor: Robe              |     1 |     5 |    20 |       ||    26
       Ring mail         |       |       |    26 |   109 ||   135
Dodge: Dodged            |    13 |    24 |   103 |   152 ||   292
